 Dungeon Crawl Stone Soup version 0.31-a0-544-gceb718ecc6 (webtiles) character file.

Game seed: 364206445788926534

77 tilp the Vexing (level 4, -3/33 HPs)
             Began as a Vampire Enchanter on Aug 15, 2023.
             Slain by a gnoll
             ... wielding a +0 whip
              (6 damage)
             ... on level 2 of the Dungeon.
             The game lasted 00:02:21 (1284 turns).

tilp the Vexing (Vampire Enchanter)                 Turns: 1284, Time: 00:02:22

Health: -3/33      AC:  2    Str:  7    XL:     4   Next: 14%
Magic:  2/7        EV: 12    Int: 19    God:
Gold:   98         SH:  0    Dex: 14    Spells: 2/7 levels left

rFire   . . .        a - +1 dagger
rCold   . . .        (no shield)
rNeg    . . .        b - +0 robe
rPois   .            (no helmet)
rElec   .            (no cloak)
rCorr   .            (no gloves)
SInv    +            (no boots)
Will    .....        (no amulet)
Stlth   +++          (no ring)
HPRegen 0.45/turn    (no ring)
MPRegen 0.10/turn

%: no passive effects
@: healing quickly
A: alive, fangs 3, see invisible, vampiric 2
a: Exsanguinate


You were on level 2 of the Dungeon.
You visited 1 branch of the dungeon, and saw 2 of its levels.

You collected 98 gold pieces.

Inventory:

Hand Weapons
 a - a +1 dagger (weapon)
 e - a +1 demon whip of electrocution
Missiles
 d - 9 poisoned darts (quivered)
Armour
 b - a +0 robe (worn)
Scrolls
 f - a scroll of fear {unknown}
Potions
 c - 2 potions of invisibility
 h - a potion of heal wounds {unknown}
 j - a potion of berserk rage {unknown}


   Skills:
 * Level 1.7 Fighting
 * Level 2.3 Short Blades
 + Level 2.6 Dodging
 + Level 4.8 Stealth
 + Level 2.3 Spellcasting
 + Level 4.8 Hexes


You had 2 spell levels left.
You knew the following spells:

 Your Spells              Type           Power      Damage    Failure   Level
a - Ensorcelled Hibernat  Hex/Ice        22%        N/A       9%          2
b - Confusing Touch       Hex            20%        N/A       7%          3

Your spell library contained the following spells:

 Spells                   Type           Power      Damage    Failure   Level
 Tukima's Dance           Hex            20%        N/A       7%          3
 Dazzling Flash           Conj/Hex       22%        N/A       19%         3


Dungeon Overview and Level Annotations

Branches:
Dungeon (2/15)

Altars:

Annotations:
D:2 dig vault (coins)


Innate Abilities, Weirdness & Mutations

Your natural rate of healing is accelerated.
You have razor-sharp teeth.
You have supernaturally acute eyesight. (SInv)
You are afflicted with vampirism and can become a bat while bloodless.


Message History

The gnoll attacks as you move away! The gnoll hits you with a +0 whip.
There is an open door here.
The gnoll attacks as you move away! The gnoll hits you with a +0 whip!
* * * LOW HITPOINT WARNING * * *
Casting: Ensorcelled Hibernation (safe; 9% risk of failure)
Confirm with . or Enter, or press ? or * to list all spells.
You don't have enough magic to cast this spell.
Unknown command.
Unknown command.
The gnoll attacks as you move away! The gnoll closely misses you.
There is an open door here.
Casting: Ensorcelled Hibernation (safe; 9% risk of failure)
Confirm with . or Enter, or press ? or * to list all spells.
Aiming: Ensorcelled Hibernation (safe; 9% risk of failure)
Press: ? - help, Shift-Dir - straight line, f/p - gnoll
Aim: a gnoll, wielding a +0 whip (chance to affect: 53%)
The gnoll looks drowsy...
Unknown command.
The gnoll shouts!
The gnoll attacks as you move away! The gnoll closely misses you.
There is an open door here.
The gnoll attacks as you move away! The gnoll misses you.
You open the door. The gnoll barely misses you.
The gnoll attacks as you move away! The gnoll misses you.
There is an open door here.
The gnoll attacks as you move away! The gnoll hits you with a +0 whip.
The gnoll attacks as you move away! The gnoll barely misses you.
The gnoll attacks as you move away! The gnoll barely misses you.
The gnoll attacks as you move away! The gnoll hits you with a +0 whip.
* * * LOW HITPOINT WARNING * * *
You aren't carrying any items that you can evoke.
The gnoll attacks as you move away! The gnoll hits you with a +0 whip.
* * * LOW HITPOINT WARNING * * *
You see here an adder corpse.
The gnoll attacks as you move away! The gnoll hits you with a +0 whip.
* * * LOW HITPOINT WARNING * * *
The gnoll attacks as you move away! The gnoll hits you with a +0 whip.
* * * LOW HITPOINT WARNING * * *
The gnoll attacks as you move away! The gnoll hits you with a +0 whip.
You die...

#.# ### #.# ..# ##+######### #.#
..####..........# #.#
................#### #.#
#####..............######## #.# #
#.........S....#).....# #<# #
#.#.###..†#g...+......# #.#
#####.#.#####.#.@..#......# #.#
.........gS..S##'###......# #.#
..##.##.########.###.....†#####>#
#.##.g.............'.....).)....#
#.....#..........###......#######
#.....#..#.###.#.###......#
#'#####...........##......#
....###..#.###.#...†.######
.....##..#.#$#.#.....#


You could see a gnoll and an adder.

Vanquished Creatures
  A gnoll (D:2)
  2 adders (D:2)
  A worm (D:2)
  3 dart slugs
  3 bats (D:1)
  5 endoplasms
  4 giant cockroaches
  5 goblins
  4 hobgoblins
  2 quokkas
  2 ball pythons (D:1)
  3 kobolds
  A rat (D:1)
36 creatures vanquished.

Notes
Turn   | Place    | Note
-------+----------+-------------------------------------------
     0 | D:1      | tilp the Vampire Enchanter began the quest for the Orb.
     0 | D:1      | Reached XP level 1. HP: 13/13 MP: 3/3
   124 | D:1      | Reached XP level 2. HP: 20/20 MP: 5/5
   131 | D:1      | Learned a level 2 spell: Ensorcelled Hibernation
   498 | D:1      | Found a faded altar of an unknown god.
   561 | D:1      | Reached skill level 1 in Fighting
   643 | D:1      | Gained mutation: You are afflicted with vampirism and can
                  | become a bat while bloodless. [Vampire growth]
   643 | D:1      | Reached XP level 3. HP: 24/26 MP: 6/6
   647 | D:1      | Learned a level 3 spell: Confusing Touch
  1185 | D:2      | Reached XP level 4. HP: 32/32 MP: 7/7
  1284 | D:2      | Slain by a gnoll

Illustrated notes

Levels and vault maps discovered:
D:1:      dpeg_arrival_oval, layout_loops_cross, ebering_ecumenical_altar_hall,
          minmay_close_crescents
D:2:      layout_basic, minmay_surrounded, uniq_sigmund

Skill      XL: |  1  2  3 |
---------------+----------+-----
Fighting       | 1 |  1.7
Short Blades   | 2 |  2.3
Dodging        | |  2.6
Stealth        | |  4.8
Spellcasting   | |  2.3
Hexes          | |  4.8

Action                     |  1- 3 |  4- 6 || total
---------------------------+-------+-------++-------
  Melee: Dagger            |    91 |     5 ||    96
         Bite              |    10 |     3 ||    13
         Punch             |     2 |       ||     2
   Cast: Ensorcelled Hiber |    11 |     3 ||    14
         Confusing Touch   |       |     1 ||     1
    Use: Scroll            |     3 |       ||     3
   Stab: Sleeping          |    13 |       ||    13
         Confused          |       |     1 ||     1
 Armour: Robe              |    15 |       ||    15
  Dodge: Dodged            |    51 |     9 ||    60

Table legend: (Time is in decaauts)
 A = Elapsed time spent in this place.
 B = Non-inter-level travel time spent in this place.
 C = Inter-level travel time spent in this place.
 D = Time resting spent in this place.
 E = Time spent auto-exploring this place.
 F = Levels seen in this place.
 G = Mean time per level.
                   A        B        C        D        E       F      G
               +--------+--------+--------+--------+--------+-----+--------+
         Total |   1274 |   1216 |     58 |    100 |    810 |   2 |  637.0 |
       Dungeon |   1274 |   1216 |     58 |    100 |    810 |   2 |  637.0 |
               +--------+--------+--------+--------+--------+-----+--------+

Top non-repeatable levels by time:
     D:1: 801 daAuts
     D:2: 472 daAuts
